AoeStats
← audi

Hill Fort

506097409Analyzed
3v3 RM · 20d ago on Sep 12, 2026· 16m 32s· 6 players
Game mode
Random Map
Map size
Normal (6 player)
Population
200
Speed
Normal
Resources
Standard
Victory
Conquest
Starting age
Dark Age
Ending age
Imperial Age
RankedLock teamsTeams togetherTeam positionsShared explorationLock speedFull tech treeHidden civsTurbo modeCheats
Victory
Defeat
🇨🇳 Ethiopians · China
1349
+9
🇩🇪 Armenians · Germany
1321
+10
🇧🇪 Mongols · Belgium
1281
+13
🇹🇷 Wei · Türkiye
1206
-11
🇹🇷 Ethiopians · Türkiye
1194
-11
🇹🇷 Mongols · Türkiye
1180
-10
PetsSs
ErzHerold
11:23 Feudal Age
11:08 Loom
15:06 Castle Age
13:17 Double-Bit Axe
13:48 Gold Mining
14:00 Man-at-Arms
14:30 Horse Collar
red
9:53 Feudal Age
15:27 Castle Age
14:21 Gold Mining
14:53 Horse Collar
15:28 Loom
15:32 Crossbowman
Timber
4:02 Loom
6:47 Loom
9:58 Feudal Age
11:02 Gold Mining
11:06 Double-Bit Axe
15:07 Fletching
16:29 Horse Collar
audi
9:33 Feudal Age
12:00 Wheelbarrow
14:51 Double-Bit Axe
15:02 Horse Collar
18:35 Castle Age
Janissaryyy
0:50 Loom
Connection lost

Rejoining the realm…

Still unreachable

The connection could not be restored.

Session expired

The server has moved on; the page needs a fresh start.